 Dungeon Crawl Stone Soup version 0.25-a0-566-g062765be81 (webtiles) character file.

Game seed: 17247944892876455968, levelgen mode: deterministic

27 Flugslaktarn the Covered (level 2, -5/28 HPs)
             Began as a Deep Dwarf Fighter on Feb 28, 2020.
             Slain by an ogre
             ... wielding a +0 giant club
              (17 damage)
             ... on level 4 of the Dungeon.
             The game lasted 00:00:17 (229 turns).

Flugslaktarn the Covered (Deep Dwarf Fighter)        Turns: 229, Time: 00:00:17

Health: -5/28      AC:  8    Str: 19    XL:     2   Next: 93%
Magic:  1/1        EV:  7    Int:  8    God:
Gold:   21         SH:  9    Dex: 12    Spells: 1/1 levels left

rFire    . . .     SeeInvis .   a - +0 war axe
rCold    . . .     Gourm    .   c - +0 kite shield
rNeg     . . .     Faith    .   b - +0 scale mail
rPois    .         Spirit   .   i - +0 helmet
rElec    .         Reflect  .   (no cloak)
rCorr    .         Harm     .   (no gloves)
MR       .....                  (no boots)
Stlth    ..........             (no amulet)
HPRegen  0.00/turn              (no ring)
MPRegen  0.07/turn              (no ring)

@: non-regenerating
A: damage resistance, heal wounds, sense surroundings 1, no regeneration
a: Heal Wounds


You were on level 4 of the Dungeon.
You were not hungry.

You visited 1 branch of the dungeon, and saw 4 of its levels.

You collected 21 gold pieces.

Inventory:

Hand Weapons
 a - a +0 war axe (weapon)
Armour
 b - a +0 scale mail (worn)
 c - a +0 kite shield (worn)
 i - a +0 helmet (worn)
   (You found it on level 3 of the Dungeon)
Scrolls
 h - a scroll of enchant armour {unknown}
Potions
 d - a potion of might
 f - a potion of berserk rage {unknown}
Comestibles
 e - 3 rations
 g - 6 chunks of flesh


   Skills:
 + Level 3.0 Fighting
 * Level 2.9 Axes
 + Level 3.5 Armour
 + Level 3.5 Shields


You had one spell level left.
You didn't know any spells.
Your spell library was empty.

Dungeon Overview and Level Annotations

Branches:
Dungeon (4/15)
 Temple: D:4-7

Altars:


Innate Abilities, Weirdness & Mutations

You are resistant to damage.
You can heal yourself by infusing magical energy.
You passively map a small area around you.
You do not regenerate.


Message History

No target in view!
There is a stone staircase leading down here.
You climb downwards.
You hear the sound of rushing water.
There is an entrance to a sewer on this level.
Hurry and find it before the portal rusts away!
There is a stone staircase leading up here.
There is a fountain of clear blue water here.
You open the door.
An ogre comes into view. It is wielding a +0 giant club.
The ogre shouts!
An ogre is nearby!
An ogre is nearby!
There is an open door here.
You hit the ogre.
The ogre is moderately wounded.
The ogre hits you with a +0 giant club!
Ouch! That really hurt!
The ogre hits you with a +0 giant club!!
Ouch! That really hurt!
You die...

> ≈* , , ,
,,*, , *≈ *
, , ,, , * ,
* * *+ * ,
##+# ##### *
#...##...##
*
+.⌠O@..⌠.<#
,
,#...##...##
##+# ##### *
,, * , * , *
** * *, , ,,
, , , * * ,
* * * * * *


You could see an ogre.

Vanquished Creatures
  An adder (D:3)
  An ooze (D:3)
  A worm (D:3)
  2 goblins
  2 hobgoblins
  A bat (D:2)
  A kobold (D:3)
  A leopard gecko skeleton (D:3)
  4 rats
14 creatures vanquished.

Notes
Turn   | Place    | Note
-------+----------+-------------------------------------------
     0 | D:1      | Flugslaktarn the Deep Dwarf Fighter began the quest for the
                  | Orb.
     0 | D:1      | Reached XP level 1. HP: 20/20 MP: 1/1
   162 | D:3      | Reached XP level 2. HP: 22/27 MP: 2/2
   227 | D:4      | Noticed an ogre
   229 | D:4      | Slain by an ogre

Levels and vault maps discovered:
D:1:      dpeg_arrival_concentric_ovals, layout_basic
D:2:      layout_loops_ring, first_ration, uniq_terence
D:3:      layout_rooms
D:4:      layout_basic, kennysheep_mini_moat, minmay_temple_entry_proselytizer,
          lightli_sewer_entry_pipes, grunt_ministairs_5, fountainhead,
          okawaru_altar_gauntlet_db, uniq_blork_the_orc

Skill      XL: |  1  2 |
---------------+-------+-----
Fighting       | 3 |  3.0
Axes           | |  2.9
Armour         | |  3.5
Shields        | |  3.5

Action                   || total
-------------------------++-------
Melee: War axe           ||    30
 Abil: Heal Wounds       ||     1
Armor: Scale mail        ||    11
Dodge: Dodged            ||    13
Block: Kite shield       ||     7

Table legend:
 A = Non-vault XP
 B = Vault XP
 C = Vault XP percentage of total XP
 D = Non-vault monster count
 E = Vault monster count
 F = Vault count percentage of total count
                 A         B        C        D         E       F
            +---------+---------+-------+---------+---------+-------
      Total |      39 |       0 |   0.0 |      14 |       0 |   0.0
            +---------+---------+-------+---------+---------+-------
        D:1 |       5 |       0 |   0.0 |       3 |       0 |   0.0
        D:2 |       6 |       0 |   0.0 |       5 |       0 |   0.0
        D:3 |      28 |       0 |   0.0 |       6 |       0 |   0.0
            +---------+---------+-------+---------+---------+-------
